 Dungeon Sprint DCSS version 0.17-a0-1262-gd250d98 (webtiles) character file.

717 Kidiri the Covert (level 7, -3/36 (38) HPs)
             Began as a Spriggan Assassin on June 6, 2015.
             Slain by a kraken (39 damage)
             ... in the Dungeon (Sprint II: "The Violet Keep of Menkaure").
             The game lasted 00:03:06 (862 turns).

Kidiri the Covert (Spriggan Assassin)                Turns: 862, Time: 00:03:06

HP:   -3/36 (38)    AC:  3    Str:  7    XL:     7   Next: 42%
MP:   17/17         EV: 29    Int: 12    God:
Gold: 972           SH:  0    Dex: 20    Spells: 0 memorised, 18 levels left

rFire  . . .     SeeInvis +     a - +2 dagger
rCold  . . .     Clarity  .     c - +0 robe
rNeg   . . .     SustAt   .     (shield restricted)
rPois  .         Gourm    .     (helmet restricted)
rElec  .         Spirit   .     d - +0 cloak
rCorr  .         Warding  .     (gloves unavailable)
rMut   .         NoTele   +     (boots unavailable)
MR     +....                    (no amulet)
Stlth  ++++++....               (no ring)
                                (no ring)

@: very quick, somewhat resistant to hostile enchantments, very stealthy
A: unfitting armour, see invisible, herbivore 3, speed 3, slow metabolism 2
a: no special abilities


You were in the Dungeon.
You were not hungry.

You visited 1 branch You collected 972 gold pieces.

Inventory:

Hand weapons
 a - a +2 dagger (weapon)
 b - a +0 blowgun
Missiles
 e - 6 poisoned needles
 f - a curare-tipped needle
Armour
 c - a +0 robe (worn)
 d - a +0 cloak (worn)
Scrolls
 m - a scroll of blinking
Potions
 i - a potion of heal wounds
 j - a potion of haste
 k - 2 potions of magic
Comestibles
 g - a bread ration


   Skills:
 + Level 4.6 Fighting
 * Level 8.7 Short Blades
 + Level 6.3 Throwing
 * Level 11.0 Dodging
 * Level 12.9 Stealth
 + Level 6.3 Spellcasting


You had 18 spell levels left.
You didn't know any spells.

Dungeon Overview and Level Annotations

Branches:
Dungeon (1/1)

Altars:

Shops:
D }=

Annotations:
D Kirke


Innate Abilities, Weirdness & Mutations

You are tiny and cannot use many weapons and most armour.
You have supernaturally acute eyesight.
You are a herbivore.
You cover ground extremely quickly.
You need consume almost no food.


Message History

Firing (i - inventory. (,) - cycle):
e - 7 poisoned needles (quivered)
Press: ? - help, Shift-Dir - straight line, f/p - kraken
Aim: a kraken (water, heavily wounded, slow, poisoned)
You shoot a poisoned needle. The poisoned needle hits the kraken!
The kraken is heavily wounded.
You hear a splash.
Tentacles burst out of the water!
There is an open door here.
Wield which item (- for none, * to show all)? (? for menu, Esc to quit)
a - a +2 dagger (weapon)
You hit the kraken but do no damage.
The kraken is heavily wounded.
The kraken completely misses you.
You hit the kraken but do no damage.
The kraken is heavily wounded.
You hit the kraken but do no damage.
The kraken is heavily wounded.
The kraken bites you!!!
Ouch! That really hurt!
You die... +#### .§§....## §.§§..§## §§8.§§§.# @ .§§§.. zK.

§.§.
###≈≈#+++#+++##
##≈≈≈..@......#
.#≈≈≈≈X##'##..#
∩#≈≈≈≈####.##
.#≈≈≈≈#..##.#
∩#≈≈####...####
.#≈##.###'###.##
.#≈#.%###.##...#
.+ +##.+.<.'##.+
#..###.##...#


You could see a kraken, Kirke (sleeping), a skeletal warrior and a kobold
demonologist (sleeping).

Vanquished Creatures
  4 necrophages (D)
  4 brain worms (D)
  4 worker ants (D)
  3 worms (D)
15 creatures vanquished.

Vanquished Creatures (others)
  Menkaure (D)
  8 tentacles (D)
9 creatures vanquished.

Grand Total: 24 creatures vanquished

Notes
Turn   | Place    | Note
--------------------------------------------------------------
     0 | D        | Kidiri the Spriggan Assassin began the quest for the Orb.
     0 | D        | Reached XP level 1. HP: 10/10 MP: 2/2
    14 | D        | Reached skill level 6 in Stealth
    19 | D        | Killed Menkaure
    28 | D        | Reached skill level 1 in Spellcasting
   281 | D        | Noticed an ice statue
   284 | D        | Reached XP level 2. HP: 15/15 MP: 5/5
   299 | D        | Noticed a necrophage
   299 | D        | Noticed a necrophage
   299 | D        | Noticed a necrophage
   299 | D        | Noticed a necrophage
   303 | D        | Noticed a worker ant
   303 | D        | Noticed a worker ant
   305 | D        | Noticed a worker ant
   305 | D        | Noticed a worker ant
   306 | D        | Killed a worker ant
   306 | D        | Reached skill level 7 in Stealth
   306 | D        | Reached XP level 3. HP: 18/18 MP: 5/7
   307 | D        | Killed a worker ant
   307 | D        | Reached skill level 5 in Dodging
   307 | D        | Reached skill level 8 in Stealth
   316 | D        | Killed a worker ant
   316 | D        | Reached XP level 4. HP: 12/23 MP: 5/9
   318 | D        | Killed a worker ant
   318 | D        | Reached skill level 5 in Short Blades
   318 | D        | Reached skill level 9 in Stealth
   491 | D        | Noticed a brain worm
   491 | D        | Noticed a brain worm
   491 | D        | Noticed a brain worm
   491 | D        | Noticed a brain worm
   493 | D        | Killed a brain worm
   493 | D        | Reached XP level 5. HP: 26/28 MP: 9/12
   495 | D        | Killed a brain worm
   495 | D        | Reached skill level 10 in Stealth
   498 | D        | Killed a brain worm
   498 | D        | Reached skill level 5 in Throwing
   498 | D        | Reached skill level 11 in Stealth
   498 | D        | Reached XP level 6. HP: 29/33 MP: 9/14
   508 | D        | Killed a brain worm
   508 | D        | Reached skill level 5 in Spellcasting
   580 | D        | Killed a necrophage
   580 | D        | Reached skill level 12 in Stealth
   585 | D        | Killed a necrophage
   585 | D        | Reached skill level 10 in Dodging
   585 | D        | Reached XP level 7. HP: 37/37 MP: 14/16
   589 | D        | Killed a necrophage
   610 | D        | Killed a necrophage
   843 | D        | Noticed an obsidian statue
   845 | D        | Noticed a kraken
   846 | D        | Found Arphinle's Gadget Boutique.
   846 | D        | Found Hosaptoff's Jewellery Shop.
   846 | D        | Noticed Kirke
   846 | D        | Noticed a skeletal warrior
   846 | D        | Noticed a kobold demonologist
   862 | D        | Slain by a kraken

Vault maps used:
D:        the_violet_keep_of_menkaure

Action                   |  1- 3 |  4- 6 |  7- 9 || total
-------------------------+-------+-------+-------++-------
Melee: Dagger            |    17 |    27 |    29 ||    73
 Fire: Blowgun           |    11 |       |     3 ||    14
  Use: Potion            |       |     2 |       ||     2
 Stab: Sleeping          |     3 |     3 |     1 ||     7
